 Dungeon Crawl Stone Soup version 0.19.0-19-g8c6edcc (webtiles) character file.

129 Monsterracer the Chopper (level 5, -7/46 HPs)
             Began as a Hill Orc Fighter on Nov 13, 2016.
             Was an Initiate of Beogh.
             Mangled by Sigmund
             ... wielding a +0 scythe
              (9 damage)
             ... on level 4 of the Dungeon.
             The game lasted 00:05:38 (1867 turns).

Monsterracer the Chopper (Hill Orc Fighter)         Turns: 1867, Time: 00:05:39

Health: -7/46      AC:  8    Str: 24    XL:     5   Next: 12%
Magic:  5/5        EV:  7    Int:  8    God:    Beogh [......]
Gold:   69         SH:  9    Dex: 11    Spells: 0 memorised, 4 levels left

rFire  . . .     SeeInvis .     a - +0 war axe
rCold  . . .     Gourm    .     b - +0 scale mail
rNeg   . . .     Faith    .     c - +0 shield
rPois  .         Spirit   .     (no helmet)
rElec  .         Reflect  .     (no cloak)
rCorr  .         Harm     .     e - +0 pair of gloves
MR     .....                    (no boots)
Stlth  ..........               (no amulet)
                                (no ring)
                                (no ring)

@: mighty
A: no striking features
a: Renounce Religion


You were on level 4 of the Dungeon.
You worshipped Beogh.
Beogh was noncommittal.
You were near starving.

You visited 1 branch of the dungeon, and saw 4 of its levels.

You collected 69 gold pieces.

Inventory:

Hand Weapons
 a - a +0 war axe (weapon)
Armour
 b - a +0 scale mail (worn)
 c - a +0 shield (worn)
 e - a +0 pair of gloves (worn)
 m - a +0 leather armour of cold resistance
Scrolls
 h - a scroll of enchant armour {unknown}
 i - 2 scrolls of teleportation {unknown}
 j - 2 scrolls of noise {unknown}
 k - 7 scrolls of identify {unknown}
 l - a scroll of enchant weapon {unknown}
Comestibles
 f - 2 bread rations
 g - a meat ration
 n - a beef jerky
 o - a slice of pizza


   Skills:
 + Level 3.9 Fighting
 * Level 6.3 Axes
 + Level 3.5 Armour
 - Level 3.2 Shields
 + Level 0.6 Invocations


You had 4 spell levels left.
You didn't know any spells.

Dungeon Overview and Level Annotations

Branches:
Dungeon (4/15)
 Temple: D:4-7

Altars:
Kikubaaqudgha
Zin

Annotations:
D:4 Sigmund


Message History

You hear some strange, mumbled words.
You are confused.
You bump into the rock wall.
Something hits you but does no damage. Something hits you but does no damage.
You miss something.
You feel less confused. Something hits you.
You hit something but do no damage. Something hits you!
You barely miss something. Something hits you!
* * * LOW HITPOINT WARNING * * *
You feel very mighty all of a sudden. Something hits you.
* * * LOW HITPOINT WARNING * * *
You miss something. Something hits you but does no damage.
You miss something. You closely miss something. Something hits you.
* * * LOW HITPOINT WARNING * * *
You miss something. Something hits you!
You die...

.... ..!. ... ...#
## ..# ...# ... #).
.... ...# #..## #..
...# #..####.#
#..##..##..#
#..##..{@##
#...#...## #......#
#.######<.###.####
#.......## #....####
#.......####........
#..#.....##...#####.
......#.........#
>####........#...#


There were no monsters in sight!

Vanquished Creatures
  An orc wizard (D:3)
  6 adders
  A dart slug (D:2)
  A leopard gecko (D:3)
  An orc (D:3)
  3 giant cockroaches
  2 goblins (D:2)
  4 hobgoblins
  4 jackals (D:3)
  2 ball pythons
  6 bats
  4 frilled lizards
  5 kobolds
  3 rats
43 creatures vanquished.

Vanquished Creatures (others)
  A goblin (D:3)
  A kobold (D:3)
2 creatures vanquished.

Grand Total: 45 creatures vanquished

Notes
Turn   | Place    | Note
-------+----------+-------------------------------------------
     0 | D:1      | Monsterracer the Hill Orc Fighter began the quest for the Orb.
     0 | D:1      | Reached XP level 1. HP: 19/19 MP: 1/1
    96 | D:1      | Reached skill level 3 in Axes
   344 | D:1      | Reached XP level 2. HP: 24/26 MP: 2/2
   579 | D:2      | Reached skill level 4 in Axes
   767 | D:2      | Reached XP level 3. HP: 30/31 MP: 3/3
  1004 | D:2      | Reached skill level 5 in Axes
  1330 | D:3      | Reached XP level 4. HP: 39/39 MP: 4/4
  1338 | D:3      | Found a glowing silver altar of Zin.
  1529 | D:3      | Became a worshipper of Beogh the Brigand
  1535 | D:3      | Reached skill level 6 in Axes
  1622 | D:3      | Found an ancient bone altar of Kikubaaqudgha.
  1631 | D:3      | Reached XP level 5. HP: 42/46 MP: 5/5
  1840 | D:4      | Noticed Sigmund
  1866 | D:4      | HP: 2/46 [something (2)]
  1867 | D:4      | Mangled by Sigmund

Skill      XL: |  1  2  3  4 |
---------------+-------------+-----
Axes           | 3 4 5 6 |  6.3
Fighting       | |  3.9
Armour         | |  3.5
Shields        | |  3.2
Invocations    | |  0.6

Action                   |  1- 3 |  4- 6 || total
-------------------------+-------+-------++-------
Melee: War axe           |   124 |    52 ||   176
Invok: Convert to Beogh  |       |     1 ||     1
  Use: Potion            |     2 |     2 ||     4
  Eat: Chunk             |     1 |     1 ||     2
Armor: Scale mail        |    54 |    29 ||    83
Dodge: Dodged            |    45 |    10 ||    55
Block: Shield            |    73 |    18 ||    91
